AoeStats
← 从不压堡之人

Arena

509363706Analyzed
4v4 RM · 5d ago on Sep 26, 2026· 51m 13s· 8 players
Game mode
Random Map
Map size
Large (8 player)
Population
200
Speed
Normal
Resources
Standard
Victory
Conquest
Starting age
Dark Age
Ending age
Imperial Age
RankedLock teamsTeams togetherTeam positionsShared explorationLock speedFull tech treeHidden civsTurbo modeCheats
Victory
Defeat
1216
+11
🇨🇳 Spanish · China
1088
+16
1028
+19
🇨🇳 Tatars · China
1020
+19
🇨🇳 Mongols · China
1108
-17
🇪🇸 Magyars · Spain
1098
-16
🇪🇸 Koreans · Spain
1084
-16
🇮🇳 Burgundians · India
1081
-16
Lord Pelladas
10:21 Feudal Age
12:57 Double-Bit Axe
13:18 Horse Collar
16:49 Castle Age
15:49 Loom
17:47 Bow Saw
17:41 Heavy Plow
18:32 Heavy Plow
19:10 Wheelbarrow
21:21 Hand Cart
22:25 Stone Mining
22:34 Gold Mining
28:02 Imperial Age
26:51 Scale Barding Armor
26:39 Fletching
28:36 Corvinian Army
28:59 Chain Barding Armor
28:51 Bodkin Arrow
30:15 Plate Barding Armor
30:04 Conscription
32:31 Bloodlines
32:21 Husbandry
35:14 Crop Rotation
35:44 Two-Man Saw
34:43 Murder Holes
35:41 Elite Magyar Huszar
36:07 Light Cavalry
44:39 Capped Ram
Roke6
11:23 Feudal Age
12:43 Double-Bit Axe
13:05 Horse Collar
15:35 Castle Age
13:57 Fletching
19:04 Bodkin Arrow
20:40 Heavy Plow
21:03 Bow Saw
21:43 Gold Mining
21:57 Elite Skirmisher
23:06 Stone Mining
28:25 Coinage
28:52 Wheelbarrow
30:54 Imperial Age
30:02 Ballistics
29:17 Crossbowman
32:07 Bracer
35:23 Chemistry
34:24 Arbalester
35:54 Capped Ram
39:18 Two-Man Saw
40:11 Conscription
44:08 Thumb Ring
44:25 Pikeman
45:06 Squires
45:10 Scale Mail Armor
45:21 Forging
45:53 Caravan
45:32 Halberdier
45:58 Arson
49:09 Loom
49:40 Hand Cart
49:11 Town Watch
49:16 Loom
49:47 Hand Cart
Bickus Diggus
6:14 Double-Bit Axe
8:24 Horse Collar
12:07 Feudal Age
11:15 Wheelbarrow
12:11 Feudal Age
15:02 Bow Saw
14:54 Heavy Plow
17:58 Castle Age
16:20 Stone Mining
16:53 Loom
17:42 Scale Barding Armor
17:38 Gold Mining
19:38 Gold Shaft Mining
19:41 Stone Shaft Mining
26:30 Imperial Age
25:46 Hand Cart
26:16 Town Watch
28:19 Chemistry
27:36 Fortified Wall
27:36 Masonry
27:49 Padded Archer Armor
29:54 Conscription
31:33 Guilds
31:58 Elite Skirmisher
32:47 Husbandry
33:46 Leather Archer Armor
33:23 Fletching
33:01 Capped Ram
33:06 Light Cavalry
34:07 Burgundian Vineyards
34:46 Squires
35:34 Bodkin Arrow
36:59 Ballistics
37:38 Pikeman
41:08 Bracer
42:13 Chain Barding Armor
44:12 Cavalier
46:13 Paladin
dragonhunter
1:55 Loom
10:04 Feudal Age
15:02 Castle Age
13:56 Double-Bit Axe
13:57 Horse Collar
31:41 Wheelbarrow
34:37 Hand Cart
35:41 Heavy Plow
36:10 Bow Saw
39:37 Imperial Age
38:25 Stone Mining
38:26 Gold Mining
40:17 Ballistics
42:13 Chemistry
40:48 Onager
42:05 Conscription
44:23 Bloodlines
44:48 Forging
45:06 Fletching
44:54 Heavy Camel Rider
45:50 Bodkin Arrow
45:58 Padded Archer Armor
46:05 Scale Barding Armor
46:39 Iron Casting
47:43 Leather Archer Armor
47:30 Bracer
48:32 Blast Furnace
47:54 Chain Barding Armor
48:12 Husbandry
47:35 Light Cavalry
47:45 Elite Mangudai
48:58 Elite Skirmisher
50:05 Parthian Tactics
50:05 Capped Ram
从不压堡之人
11:12 Feudal Age
12:26 Double-Bit Axe
14:50 Castle Age
12:33 Horse Collar
15:27 Wheelbarrow
18:57 Bow Saw
20:30 Town Watch
23:19 Heavy Plow
24:44 Hand Cart
26:00 Loom
26:27 Gold Mining
26:28 Stone Mining
27:00 Caravan
28:10 Inquisition
30:49 Imperial Age
28:29 Inquisition
29:43 Sanctity
29:34 Fervor
29:52 Town Patrol
29:44 Fletching
30:20 Redemption
32:14 Theocracy
31:54 Block Printing
32:05 Illumination
31:51 Guilds
32:44 Two-Man Saw
31:56 Husbandry
32:06 Bloodlines
32:28 Bodkin Arrow
32:39 Scale Barding Armor
33:41 Ballistics
34:21 Chemistry
33:50 Supremacy
33:50 Conscription
33:57 Bracer
34:18 Chain Barding Armor
34:02 Arrowslits
34:08 Guard Tower
34:50 Murder Holes
35:05 Masonry
35:26 Masonry
36:15 Keep
35:51 Masonry
35:53 Fortified Wall
38:49 Stone Shaft Mining
39:41 Plate Barding Armor
39:07 Padded Archer Armor
39:23 Elite Conquistador
44:09 Bombard Tower
44:21 Architecture
44:45 Capped Ram
47:54 Siege Ram
洗心革面重新做人TownYan
10:33 Feudal Age
11:12 Double-Bit Axe
14:06 Castle Age
12:26 Horse Collar
17:17 Wheelbarrow
22:01 Bow Saw
22:39 Loom
23:13 Hand Cart
23:28 Treadmill Crane
23:36 Town Watch
24:36 Heavy Plow
25:15 Fletching
28:38 Imperial Age
26:18 Bodkin Arrow
28:12 Ballistics
27:14 Crossbowman
28:39 Thumb Ring
29:23 Bracer
30:23 Chemistry
28:51 Arbalester
30:55 Conscription
33:04 Fortified Wall
32:59 Siege Engineers
34:27 Two-Man Saw
34:10 Heavy Rocket Cart
35:25 Masonry
37:38 Shinkichon
37:52 Architecture
37:18 Murder Holes
37:09 Arrowslits
38:21 Murder Holes
41:04 Guilds
40:55 Caravan
45:08 Eupseong
我怕你审判长?
10:11 Feudal Age
12:14 Double-Bit Axe
14:38 Castle Age
12:59 Horse Collar
15:50 Bow Saw
17:01 Heavy Plow
23:22 Wheelbarrow
24:33 Gold Mining
24:34 Stone Mining
26:20 Gold Shaft Mining
28:43 Imperial Age
26:44 Scale Barding Armor
26:51 Loom
27:22 Hand Cart
26:52 Town Watch
28:27 Chain Barding Armor
28:18 Forging
29:31 Bloodlines
29:21 Husbandry
30:07 Plate Barding Armor
30:06 Crop Rotation
30:37 Iron Casting
30:32 Conscription
30:17 Silk Armor
35:09 Blast Furnace
33:59 Fletching
37:30 Town Patrol
38:42 Bodkin Arrow
39:45 Murder Holes
40:53 Chemistry
40:15 Ballistics
40:01 Siege Engineers
40:59 Bracer
40:33 Elite Keshik
42:04 Caravan
42:16 Guilds
45:29 Elite Steppe Lancer
我独自送头 Solo Feeding
10:54 Feudal Age
14:51 Castle Age
13:01 Double-Bit Axe
13:10 Horse Collar
21:28 Town Watch
22:19 Scale Mail Armor
24:25 Fletching
28:19 Wheelbarrow
27:31 Loom
29:12 Chain Mail Armor
29:47 Squires
30:41 Forging
34:25 Imperial Age
33:07 Scale Barding Armor
33:37 Iron Casting
33:22 Heavy Plow
34:08 Hand Cart
34:29 Chain Barding Armor
34:25 Bow Saw
35:00 Bloodlines
34:50 Husbandry
35:00 Bloodlines
34:50 Husbandry
35:49 Plate Barding Armor
34:56 Cavalier
36:59 Conscription
37:33 Iron Casting
37:26 Caravan
39:49 Blast Furnace
38:45 Bodkin Arrow
38:51 Padded Archer Armor
39:37 Hauberk
40:07 Cranequins
42:38 Chemistry
42:17 Bracer
43:12 Ballistics
43:09 Leather Archer Armor
42:56 Heavy Mounted Crossbowman
46:00 Capped Ram
47:05 Siege Ram
50:29 Plate Mail Armor
49:24 Elite Serjeant
50:24 First Crusade
50:40 Hoardings
Connection lost

Rejoining the realm…

Still unreachable

The connection could not be restored.

Session expired

The server has moved on; the page needs a fresh start.